[Event "FIDE Open Sachove Univerzity QCC"]
[Site "Ceske Budejovice"]
[Date "2020.07.02"]
[Round "2.28"]
[White "Zezula, Jakub"]
[Black "Postl, Frantisek"]
[Result "1-0"]
[ECO "C42"]
[WhiteElo "1449"]
[BlackElo "1188"]
[Annotator "NA"]
[PlyCount "61"]
[EventDate "2020.07.01"]
[EventType "swiss"]
[EventCountry "CZE"]
[SourceTitle "playchess.com"]
[Source "ChessBase"]
[SourceQuality "1"]
[TimeControl "40/5400+30:1800+30"]

1. e4 e5 2. Nf3 Nf6 3. Nxe5 d6 4. Nf3 Nxe4 5. d4 d5 6. Bd3 Bf5 7. O-O Be7 8. Bf4 Nc6 9. Nbd2 Nxd2 10. Qxd2 Bxd3 11. Qxd3 Qd7 12. a3 O-O-O 13. c4 dxc4 14. Qxc4 Nxd4 15. Nxd4 g5 16. Bg3 f5 17. Nxf5 Rhf8 18. Nxe7+ Qxe7 19. Rac1 c6 20. Qg4+ Qd7 21. Qxd7+ Rxd7 22. Rcd1 Rxd1 23. Rxd1 Re8 24. Kf1 b5 25. Rd6 c5 26. Rc6+ Kd7 27. Rxc5 a6 28. Rxg5 Ke6 29. Re5+ Kf7 30. Rxe8 Kxe8 31. Ke2 1-0

[Event "FIDE Open Sachove Univerzity QCC"]
[Site "Ceske Budejovice"]
[Date "2020.07.02"]
[Round "2.29"]
[White "Stavova, Marketa"]
[Black "Dudkova, Josefina"]
[Result "1/2-1/2"]
[ECO "B50"]
[WhiteElo "1219"]
[BlackElo "1447"]
[Annotator "NA"]
[PlyCount "83"]
[EventDate "2020.07.01"]
[EventType "swiss"]
[EventCountry "CZE"]
[SourceTitle "playchess.com"]
[Source "ChessBase"]
[SourceQuality "1"]
[TimeControl "40/5400+30:1800+30"]

1. e4 c5 2. Nf3 d6 3. h3 Nf6 4. c3 g6 5. d3 Bg7 6. Be3 Nc6 7. Nbd2 a6 8. d4 cxd4 9. cxd4 e6 10. Be2 Bd7 11. O-O O-O 12. Qb3 b5 13. Rac1 Qe7 14. e5 Nd5 15. exd6 Qxd6 16. Ne4 Qe7 17. Bg5 Qe8 18. Rfd1 h6 19. Bh4 g5 20. Bg3 f5 21. Nc5 Qe7 22. Be5 Bxe5 23. Nxe5 Nxe5 24. dxe5 Rfc8 25. Nxd7 Qxd7 26. Rxc8+ Rxc8 27. Bf3 Rd8 28. Qa3 Qa7 29. Bxd5 exd5 30. e6 Re8 31. Rxd5 Rxe6 32. Rxf5 Re7 33. Qd6 Qd7 34. Qxd7 Rxd7 35. Rf6 Rd2 36. Rxh6 Rxb2 37. Rxa6 Kh7 38. Rb6 b4 39. g4 Kg7 40. Kf1 Kf7 41. f3 Kg7 42. Ke1 1/2-1/2

[Event "FIDE Open Sachove Univerzity QCC"]
[Site "Ceske Budejovice"]
[Date "2020.07.03"]
[Round "3.1"]
[White "Chval, Petr"]
[Black "Rychlik, Zdenek"]
[Result "0-1"]
[ECO "B25"]
[WhiteElo "1926"]
[BlackElo "1701"]
[Annotator "ChessBase"]
[PlyCount "90"]
[EventDate "2020.07.01"]
[EventType "swiss"]
[EventCountry "CZE"]
[SourceTitle "playchess.com"]
[Source "ChessBase"]
[SourceQuality "1"]
[TimeControl "40/5400+30:1800+30"]

1. e4 c5 2. Nf3 g6 3. g3 Bg7 4. Bg2 Nc6 5. O-O Nf6 6. Re1 O-O 7. Nc3 d6 8. d3 a6 9. Bg5 h6 10. Bd2 e5 11. Qc1 Kh7 12. a4 Be6 13. Nd1 b5 14. Ne3 Qd7 15. c4 b4 16. Nd5 Qd8 17. Be3 a5 18. Qd1 Rb8 19. b3 Qd7 20. Ra2 Ng4 21. Rf1 f5 22. exf5 Rxf5 23. Nh4 Rf7 24. Bc1 Ne7 25. Nxe7 Rxe7 26. Be4 Bf5 27. Nxf5 gxf5 28. Bg2 Rf8 29. h3 Nf6 30. Rd2 Qe8 31. Bb2 Nd7 32. Qf3 Qc8 33. Qd5 Qc7 34. f4 Nf6 35. Qf3 e4 36. Qd1 d5 37. cxd5 Nxd5 38. Re1 Nc3 39. Qc1 e3 40. Rc2 Qd6 41. Bxc3 Bxc3 42. Rxc3 bxc3 43. Qxc3 Qd4 44. Qxa5 Rg8 45. b4 Qb2 0-1

[Event "FIDE Open Sachove Univerzity QCC"]
[Site "Ceske Budejovice"]
[Date "2020.07.03"]
[Round "3.2"]
[White "Svanda, Adam"]
[Black "Macho, Miloslav"]
[Result "1-0"]
[ECO "A26"]
[WhiteElo "1870"]
[BlackElo "1671"]
[Annotator "NA"]
[PlyCount "101"]
[EventDate "2020.07.01"]
[EventType "swiss"]
[EventCountry "CZE"]
[SourceTitle "playchess.com"]
[Source "ChessBase"]
[SourceQuality "1"]
[TimeControl "40/5400+30:1800+30"]

1. c4 g6 2. g3 Bg7 3. Bg2 e5 4. Nc3 Nc6 5. Nf3 Nf6 6. O-O O-O 7. d3 d6 8. Bg5 h6 9. Bxf6 Bxf6 10. Rb1 Rb8 {[%emt 0:00:50] A26: English Opening vs King's Indian with ...Nc6 and d3.} 11. b4 Bg4 {[%emt 0:02:03] [#]} 12. b5 $146 ({Predecessor:} 12. Nd5 Bg7 13. b5 Nd4 14. e3 Nxf3+ 15. Bxf3 Bf5 16. Bg4 Bxg4 17. Qxg4 Kh7 18. Rb3 {½-½ (60) Zuelle,B (2112)-Sardy,P (2313) Eger 2004}) 12... Bxf3 13. Bxf3 Nd4 14. Bg2 Qc8 15. Nd5 Kg7 16. Nxf6 Kxf6 17. e3 Ne6 18. f4 exf4 19. d4 Kg7 20. exf4 Qd7 21. f5 Ng5 22. Qg4 f6 23. h4 h5 24. Qf4 Nh7 25. fxg6 Kxg6 26. Be4+ ({Weaker is} 26. b6 axb6 27. Bxb7 f5 $16) 26... f5 27. Bf3 a6 28. a4 axb5 29. axb5 c6 30. Rfe1 $18 Rfe8 31. Kf2 Rxe1 32. Rxe1 Ra8 33. d5 Ra2+ 34. Kf1 cxb5 35. Re6+ Kg7 36. Qxf5 Qf7 37. Qxf7+ Kxf7 38. Bxh5+ Kg7 39. cxb5 Nf6 40. Bf3 Rb2 41. Re7+ Kg6 42. Rxb7 Kf5 43. b6 Rb1+ 44. Kg2 Rb2+ 45. Kh3 Rb3 46. Bd1 Rb5 47. Rb8 Nxd5 48. b7 Nf6 49. Bf3 Rb3 50. Rf8 Rxf3 51. b8=Q 1-0

[Event "FIDE Open Sachove Univerzity QCC"]
[Site "Ceske Budejovice"]
[Date "2020.07.03"]
[Round "3.2"]
[White "Day, Sophia Olivia"]
[Black "Bastyr, Pavel"]
[Result "0-1"]
[ECO "B85"]
[WhiteElo "1099"]
[BlackElo "1439"]
[Annotator "NA RC"]
[PlyCount "130"]
[EventDate "2020.07.01"]
[EventType "swiss"]
[EventCountry "CZE"]
[SourceTitle "playchess.com"]
[Source "ChessBase"]
[SourceQuality "1"]
[TimeControl "40/5400+30:1800+30"]

1. e4 c5 2. Nf3 d6 3. d4 Nf6 4. Nc3 cxd4 5. Nxd4 a6 6. Be2 e6 7. O-O Qc7 8. Be3 Be7 9. f4 O-O 10. Rf3 Nbd7 11. Qe1 Nc5 12. Bd3 Nxd3 13. cxd3 b5 14. Rh3 Bb7 15. f5 e5 16. Nf3 Ng4 17. Bd2 Qc5+ 18. Kf1 b4 19. Nd1 a5 20. Qg3 Nf6 21. Qh4 Ba6 22. Ne1 d5 23. Bg5 h6 24. Bxh6 Nxe4 25. Qh5 Nf6 26. Qg5 Ne8 27. Qg4 Qd4 28. Qg3 Bc5 29. Nf2 Qxb2 30. Rd1 Qxf2+ 31. Qxf2 Bxf2 32. Kxf2 gxh6 33. Rxh6 Kg7 34. Rh5 Nf6 35. Rh4 Rh8 36. Nf3 Rxh4 37. Nxh4 Rh8 38. Nf3 Ng4+ 39. Kg3 Ne3 40. Re1 Nxf5+ 41. Kg4 Nh6+ 42. Kg3 f6 43. Rc1 Rc8 44. Rd1 Rc2 45. d4 e4 46. Ne1 Rxa2 47. Rc1 Bc4 48. h4 b3 49. Rb1 b2 50. Nc2 Bd3 51. Kf2 Bxc2 52. Re1 Ra1 53. Ke2 Rxe1+ 54. Kxe1 b1=Q+ 55. Kf2 Ng4+ 56. Kg3 f5 57. Kf4 Qf1+ 58. Kg5 Qxg2 59. Kxf5 e3+ 60. Ke6 e2 61. h5 e1=Q+ 62. Kd6 Qb4+ 63. Kc7 Qg3+ 64. Kd7 Ba4+ 65. Kd8 Qgd6+ 0-1

[Event "FIDE Open Sachove Univerzity QCC"]
[Site "Ceske Budejovice"]
[Date "2020.07.03"]
[Round "3.3"]
[White "Josko, Jiri"]
[Black "Titera, Libor"]
[Result "0-1"]
[ECO "D90"]
[WhiteElo "1649"]
[BlackElo "1843"]
[Annotator "NA"]
[PlyCount "50"]
[EventDate "2020.07.01"]
[EventType "swiss"]
[EventCountry "CZE"]
[SourceTitle "playchess.com"]
[Source "ChessBase"]
[SourceQuality "1"]
[TimeControl "40/5400+30:1800+30"]

1. d4 c5 2. Nf3 Nf6 3. c3 cxd4 4. cxd4 g6 5. Nc3 d5 6. Bf4 Bg7 7. e3 O-O 8. Bd3 Bg4 {[%emt 0:04:21] D90: Grünfeld: 4 Nf3 Bg7 sidelines.} 9. Rc1 {[%emt 0:02:51] [#]} Qb6 $146 ({Predecessor:} 9... Nh5 10. Bg5 Nc6 11. h3 Be6 12. g4 Nf6 13. Bxf6 exf6 14. Nh4 Re8 15. Kd2 Rc8 {0-1 (42) Gillet,N (1640)-Lehman,D (1770) Mont de Marsan 2006}) 10. O-O Qxb2 11. Rc2 Qb4 12. Nb5 ({White should try} 12. Qd2 $14) 12... Nc6 13. a3 Qa4 14. Qb1 Bxf3 15. gxf3 Rac8 16. Rfc1 Nh5 17. Bg3 Nxg3 18. fxg3 Qa5 19. Rc5 Qd2 $19 20. Re1 Ne5 21. Re2 Qxd3 22. Qxd3 Nxd3 23. Rxd5 a6 24. Na7 Rc1+ 25. Kg2 Ra8 0-1

[Event "FIDE Open Sachove Univerzity QCC"]
[Site "Ceske Budejovice"]
[Date "2020.07.03"]
[Round "3.3"]
[White "Cipera, Josef"]
[Black "Krautschneider, Daniel Jan"]
[Result "1-0"]
[ECO "A48"]
[WhiteElo "1612"]
[BlackElo "1374"]
[Annotator "NA"]
[PlyCount "59"]
[EventDate "2020.07.01"]
[EventType "swiss"]
[EventCountry "CZE"]
[SourceTitle "playchess.com"]
[Source "ChessBase"]
[SourceQuality "1"]
[TimeControl "40/5400+30:1800+30"]

1. d4 Nf6 2. Bf4 g6 3. Nf3 Bg7 4. e3 d6 5. Bd3 b6 6. O-O Bb7 7. Nbd2 Nbd7 8. c4 c5 9. Rb1 O-O 10. d5 e5 11. dxe6 fxe6 12. Bxd6 Re8 13. Bg3 e5 14. e4 Qc7 15. Qe2 Rad8 16. Rbd1 Nf8 17. Bc2 Ne6 18. Bxe5 Qe7 19. Bxf6 Bxf6 20. e5 Bg7 21. Rfe1 Ng5 22. Ba4 Rf8 23. Nxg5 Qxg5 24. g3 Qe7 25. f4 Qf7 26. Ne4 Bxe4 27. Qxe4 Qe7 28. Rd5 Kh8 29. Red1 Qb7 30. Qd3 1-0

[Event "FIDE Open Sachove Univerzity QCC"]
[Site "Ceske Budejovice"]
[Date "2020.07.03"]
[Round "3.4"]
[White "Matlocha, Lubomir"]
[Black "Simacek, Vaclav"]
[Result "1/2-1/2"]
[ECO "B13"]
[WhiteElo "1646"]
[BlackElo "1816"]
[Annotator "NA RC"]
[PlyCount "119"]
[EventDate "2020.07.01"]
[EventType "swiss"]
[EventCountry "CZE"]
[SourceTitle "playchess.com"]
[Source "ChessBase"]
[SourceQuality "1"]
[TimeControl "40/5400+30:1800+30"]

1. d4 Nf6 2. c4 c5 3. e3 cxd4 4. exd4 d5 5. Nc3 dxc4 6. Bxc4 {[%emt 0:00:02] B13: Caro-Kann: Exchange Variation and Panov-Botvinnik Attack.} Nc6 7. Nge2 g6 {[%emt 0:06:17] [#]} 8. a3 $146 ({Predecessor:} 8. O-O Bg7 9. Bf4 O-O 10. Re1 e6 11. d5 exd5 12. Nxd5 Nxd5 13. Qxd5 Qxd5 14. Bxd5 {½-½ (22) Fernandez,G-Hanson,A LSS email 2007}) 8... Bg7 9. O-O O-O 10. Be3 Ng4 11. h3 Nxe3 12. fxe3 a6 13. b4 b5 14. Bd5 Bb7 15. Qb3 e6 16. Bf3 $1 Rb8 17. Ne4 Ne7 18. Nc5 Bxf3 19. Rxf3 Rb6 20. Rd1 Nf5 21. d5 e5 22. Nc3 Nd6 23. N3e4 Nc4 24. a4 Qc8 25. a5 Rb8 26. Nd2 Nd6 27. Rff1 f5 {[%emt 0:00:52] [#]} 28. Rc1 $1 Rf7 29. Ne6 Qb7 30. Rc6 Nc4 31. Nxc4 bxc4 32. Qxc4 Qxb4 33. Qxb4 Rxb4 34. Rxa6 Rfb7 35. Ra8+ Rb8 36. Rxb8+ Rxb8 37. Rc1 Bf6 38. Rc6 e4 39. Rb6 Rc8 40. Rb1 Ra8 41. Rb5 Be5 42. Kf1 Kf7 43. Nc5 Ke7 44. a6 (44. Nb7 $18) 44... Kd6 45. Nb7+ (45. Ra5 $16) 45... Kd7 $2 (45... Kc7 $11 {and Black is okay.}) 46. Ra5 $2 (46. Rb6 $18 {has better winning chances.}) 46... Bc7 47. Ra2 Bb6 48. Ke2 Ba7 49. Rc2 Bb6 50. Ra2 $2 ({White has to play} 50. Rc6 $18 Ba7 51. g4) 50... Ba7 51. Ra3 (51. Rb2 $18) 51... Rc8 $1 52. Kd2 Rc4 53. Na5 ({White should try} 53. Ra5 $14) 53... Rc7 $2 (53... Rc5 $11 {and Black has nothing to worry.}) 54. Nc6 Kd6 55. Ra5 g5 56. g3 h5 57. Ra1 (57. h4 $142) 57... Kxd5 58. Nxa7 Rxa7 59. Ra5+ $2 (59. Kc3 $18) 59... Kc4 $1 60. Ra1 $11 1/2-1/2

[Event "FIDE Open Sachove Univerzity QCC"]
[Site "Ceske Budejovice"]
[Date "2020.07.03"]
[Round "3.4"]
[White "Dudkova, Josefina"]
[Black "Predota, Vit"]
[Result "1-0"]
[ECO "C28"]
[WhiteElo "1447"]
[BlackElo "1233"]
[Annotator "NA RC"]
[PlyCount "103"]
[EventDate "2020.07.01"]
[EventType "swiss"]
[EventCountry "CZE"]
[SourceTitle "playchess.com"]
[Source "ChessBase"]
[SourceQuality "1"]
[TimeControl "40/5400+30:1800+30"]

1. e4 e5 2. Nc3 Nf6 3. Bc4 Nc6 4. d3 Bc5 5. Bg5 Bd4 6. Qd2 h6 7. Bh4 g5 8. Bg3 Nh5 9. Nge2 Nxg3 10. fxg3 d6 11. Rf1 Rf8 12. Nxd4 Nxd4 13. Nd5 f5 14. c3 c6 15. Ne3 b5 16. cxd4 bxc4 17. dxc4 f4 18. gxf4 exd4 19. Nc2 c5 20. g3 Rb8 21. b3 Qe7 22. Qe2 gxf4 23. Rxf4 Rxf4 24. gxf4 d3 25. Qxd3 Bf5 26. O-O-O Bxe4 27. Qxd6 Bxc2 28. Qxe7+ Kxe7 29. Kxc2 Ke6 30. Rd5 Rf8 31. Rxc5 Rxf4 32. Rc6+ Ke5 33. Rxh6 Kd4 34. Kb2 a5 35. Ka3 Kc5 36. Rh5+ Kb6 37. Ka4 Rf2 38. a3 Ra2 39. h4 Rh2 40. c5+ Ka6 41. Rh6+ Kb7 42. Kxa5 Rh3 43. Ka4 Re3 44. b4 Kc7 45. b5 Kb7 46. Rh7+ Kb8 47. h5 Re4+ 48. Ka5 Rc4 49. c6 Rc5 50. Kb6 Rxc6+ 51. bxc6 Kc8 52. Rh8# 1-0

[Event "FIDE Open Sachove Univerzity QCC"]
[Site "Ceske Budejovice"]
[Date "2020.07.03"]
[Round "3.5"]
[White "Veverka, Vladimir"]
[Black "Straka, Zdenek"]
[Result "1/2-1/2"]
[ECO "E50"]
[WhiteElo "1644"]
[BlackElo "1812"]
[Annotator "NA"]
[PlyCount "85"]
[EventDate "2020.07.01"]
[EventType "swiss"]
[EventCountry "CZE"]
[SourceTitle "playchess.com"]
[Source "ChessBase"]
[SourceQuality "1"]
[TimeControl "40/5400+30:1800+30"]

1. d4 e6 2. c4 Bb4+ 3. Nc3 c5 4. e3 Nf6 5. Nf3 O-O 6. Be2 d5 7. dxc5 dxc4 8. Qxd8 Rxd8 9. O-O Bxc5 $11 10. Bxc4 Nc6 11. b3 b6 12. Bb2 Bb7 13. Rfd1 Rac8 14. Ne2 Ne4 15. Ned4 Nxd4 16. Nxd4 Bd5 17. Bxd5 Rxd5 18. Ne2 Rcd8 19. Rxd5 Rxd5 20. Nc3 Nxc3 21. Bxc3 Rd3 22. Be1 Kf8 23. Kf1 Ke7 24. Ke2 Rd7 25. Rd1 Rxd1 26. Kxd1 a6 27. Bc3 g6 28. Kd2 b5 29. Kd3 Kd6 30. Bd4 Bxd4 31. Kxd4 e5+ 32. Kd3 f5 33. a3 Kd5 34. f3 e4+ 35. fxe4+ fxe4+ 36. Kc3 a5 37. a4 b4+ 38. Kd2 Ke5 39. Ke2 Kf5 40. h3 h5 41. g3 g5 42. Kf2 g4 43. h4 1/2-1/2

[Event "FIDE Open Sachove Univerzity QCC"]
[Site "Ceske Budejovice"]
[Date "2020.07.03"]
[Round "3.5"]
[White "Roubal, Matyas"]
[Black "Stavova, Marketa"]
[Result "1-0"]
[ECO "C44"]
[WhiteElo "1443"]
[BlackElo "1219"]
[Annotator "NA"]
[PlyCount "65"]
[EventDate "2020.07.01"]
[EventType "swiss"]
[EventCountry "CZE"]
[SourceTitle "playchess.com"]
[Source "ChessBase"]
[SourceQuality "1"]
[TimeControl "40/5400+30:1800+30"]

1. e4 e5 2. Nf3 Nc6 3. d4 exd4 4. Bc4 Bc5 5. c3 Bb6 6. cxd4 Nge7 7. Nc3 d6 8. O-O O-O 9. Be3 Bd7 10. d5 Ne5 11. Nxe5 dxe5 12. Bxb6 axb6 13. Qd2 Ng6 14. Rfe1 Qe7 15. Rad1 Nh4 16. Re3 Qf6 17. Qe2 Ng6 18. g3 Qg5 19. Kh1 Bh3 20. Rg1 Kh8 21. f3 f5 22. Rd3 Qh5 23. exf5 Bxf5 24. Ne4 Bxe4 25. Qxe4 Ra4 26. Ra3 Rxa3 27. bxa3 Rxf3 28. Be2 Qg5 29. Qxf3 Qd2 30. Rf1 h6 31. Bd3 Kh7 32. Bxg6+ Kxg6 33. Qf5# 1-0

[Event "FIDE Open Sachove Univerzity QCC"]
[Site "Ceske Budejovice"]
[Date "2020.07.03"]
[Round "3.6"]
[White "Zelbova, Lada"]
[Black "Valtr, Filip"]
[Result "1-0"]
[ECO "A46"]
[WhiteElo "1637"]
[BlackElo "1784"]
[Annotator "NA"]
[PlyCount "81"]
[EventDate "2020.07.01"]
[EventType "swiss"]
[EventCountry "CZE"]
[SourceTitle "playchess.com"]
[Source "ChessBase"]
[SourceQuality "1"]
[TimeControl "40/5400+30:1800+30"]

1. d4 Nf6 2. Nf3 e6 3. Bf4 c5 4. e3 Nc6 5. c3 a6 6. a4 Be7 7. h3 O-O 8. Bd3 d5 9. Nbd2 Bd7 10. O-O Rc8 11. Re1 h6 12. Qb1 Kh8 13. Qa2 Ra8 14. Qb1 c4 15. Bc2 b5 16. e4 g5 17. Bxg5 hxg5 18. Nxg5 Nh5 19. Qd1 Ng7 20. Ngf3 f5 21. exd5 exd5 22. Qe2 Bg5 23. Nxg5 Qxg5 24. Nf3 Qh5 25. Qd2 Rae8 26. Ne5 Nxe5 27. dxe5 Be6 28. Qd4 f4 29. Kh2 Nf5 30. Bxf5 Rxf5 31. Rh1 Qe2 32. axb5 axb5 33. Rhe1 Qh5 34. Rh1 Rg8 35. Ra6 Qg5 36. Rg1 Qe7 37. Ra7 Qf8 38. Qb6 Rxe5 39. Qd4 Qf6 40. Re1 Rf5 41. Rxe6 1-0

[Event "FIDE Open Sachove Univerzity QCC"]
[Site "Ceske Budejovice"]
[Date "2020.07.03"]
[Round "3.7"]
[White "Dusanek, Michal"]
[Black "Berka, Lubos"]
[Result "1-0"]
[ECO "B00"]
[WhiteElo "1500"]
[BlackElo "1718"]
[Annotator "NA"]
[PlyCount "61"]
[EventDate "2020.07.01"]
[EventType "swiss"]
[EventCountry "CZE"]
[SourceTitle "playchess.com"]
[Source "ChessBase"]
[SourceQuality "1"]
[TimeControl "40/5400+30:1800+30"]

1. e4 b6 2. d4 Bb7 3. Bd3 Nf6 4. Nd2 e6 5. a3 c5 6. Ngf3 c4 7. Bxc4 Nxe4 8. Nxe4 Bxe4 9. Bf4 Be7 10. O-O O-O 11. Re1 Bb7 12. c3 d5 13. Bd3 Nd7 14. Qc2 h6 15. Re3 Nf6 16. Rae1 Ng4 17. R3e2 Bd6 18. Ne5 Nxe5 19. Bxe5 Bxe5 20. Rxe5 Qc7 21. R1e3 Rae8 22. f4 Bc8 23. Qf2 f6 24. Rh5 e5 25. fxe5 fxe5 26. Qg3 Qf7 27. Rhxe5 Rxe5 28. Rxe5 g5 29. Qe3 a6 30. Re7 Qh5 31. Bh7+ 1-0

[Event "FIDE Open Sachove Univerzity QCC"]
[Site "Ceske Budejovice"]
[Date "2020.07.03"]
[Round "3.8"]
[White "Janouskova, Adela"]
[Black "Hlavsa, Filip"]
[Result "1-0"]
[ECO "B07"]
[WhiteElo "1377"]
[BlackElo "1886"]
[Annotator "NA"]
[PlyCount "87"]
[EventDate "2020.07.01"]
[EventType "swiss"]
[EventCountry "CZE"]
[SourceTitle "playchess.com"]
[Source "ChessBase"]
[SourceQuality "1"]
[TimeControl "40/5400+30:1800+30"]

1. e4 d6 2. d4 Nf6 3. Nc3 Nbd7 4. g3 e5 5. Nge2 c6 6. a4 Be7 7. Bg2 O-O 8. O-O b6 9. h3 {[%emt 0:00:35] B07: Pirc Defence: Miscellaneous Systems.} Bb7 10. Be3 a6 11. f4 (11. g4 $14) 11... Qc7 {[%emt 0:00:32] [#]} ({Black should play} 11... b5 $11) 12. f5 $146 ({Predecessor:} 12. g4 $14 exd4 13. Nxd4 d5 14. e5 Ne8 15. Nf5 Bc5 16. Qd2 Rd8 17. Rae1 Bb4 18. Bf2 {0-1 (70) Galliamova,A (2526)-Skripchenko,A (2450) New Delhi 2000}) 12... b5 13. g4 b4 14. Na2 (14. g5 $17 bxc3 15. gxf6 Bxf6 16. Nxc3) 14... exd4 15. Qxd4 c5 16. Qd3 Ne5 17. Qd1 Nxe4 ({But not} 17... Bxe4 18. Bxe4 Nxe4 19. Qd5 $19) 18. Nf4 Nc4 19. Bc1 Rfe8 20. Nd5 Bxd5 21. Qxd5 Ng3 22. Qxc4 Nxf1 (22... d5 $1 $14 23. Bxd5 {[%mdl 64] Double Attack} Nxf1) 23. Bxa8 d5 24. Bf4 Nd2 $2 (24... dxc4 $16 25. Bxc7 Ne3) 25. Bxc7 Nxc4 26. Bxd5 Ne3 27. Bg2 Nxc2 28. Rc1 b3 29. Nc3 Bf6 30. Ba5 Ne3 31. Bf1 h5 32. Re1 Bd4 $18 33. Kh1 hxg4 34. Nd1 Kf8 35. Nxe3 Rxe3 36. Rxe3 Bxe3 37. hxg4 Bd4 38. Bb6 Ke7 39. Bc4 f6 40. Bxb3 Kd6 41. Bc4 Bxb2 42. Bxa6 Kd5 43. a5 Bd4 44. Bb7+ 1-0

[Event "FIDE Open Sachove Univerzity QCC"]
[Site "Ceske Budejovice"]
[Date "2020.07.03"]
[Round "3.9"]
[White "Svetly, Jiri"]
[Black "Martirosyan, David"]
[Result "1-0"]
[ECO "D90"]
[WhiteElo "1835"]
[BlackElo "1560"]
[Annotator "NA"]
[PlyCount "51"]
[EventDate "2020.07.01"]
[EventType "swiss"]
[EventCountry "CZE"]
[SourceTitle "playchess.com"]
[Source "ChessBase"]
[SourceQuality "1"]
[TimeControl "40/5400+30:1800+30"]

1. d4 Nf6 2. c4 g6 3. Nc3 d5 4. cxd5 Nxd5 5. Bd2 Bg7 6. e4 Nb6 7. Be3 O-O 8. Nf3 Bg4 9. Be2 Bxf3 {[%emt 0:00:55] is the legacy move (9...Nc6). D90: Grünfeld: 4 Nf3 Bg7 sidelines.} 10. Bxf3 Nc6 11. e5 {[%emt 0:08:48] [#]} Nc4 $146 ({Predecessor:} 11... Qe8 12. Qe2 Rd8 13. Rd1 f5 14. Bxc6 Qxc6 15. f4 Nd5 16. Nxd5 Qxd5 17. Rc1 c6 {0-1 (49) Lima,A (2015)-Supi,L (2168) Maringa 2011}) 12. b3 Nxe3 13. fxe3 e6 14. O-O Qe7 15. Ne4 Rad8 16. Qe2 Na5 17. Qb5 b6 18. Rac1 Kh8 19. b4 c6 $18 (19... Bh6 $16 {was worth a try.} 20. Qe2 (20. bxa5 Bxe3+ 21. Kh1 Bxc1 $14) 20... Qxb4) 20. Qa4 Nb7 21. Rxc6 Bh6 22. Qb3 a5 23. a3 b5 24. Rfc1 axb4 25. axb4 Ra8 26. Rc7 1-0

[Event "FIDE Open Sachove Univerzity QCC"]
[Site "Ceske Budejovice"]
[Date "2020.07.03"]
[Round "3.10"]
[White "Pokora, Lubomir"]
[Black "Popov, Roman"]
[Result "0-1"]
[ECO "D12"]
[WhiteElo "1800"]
[BlackElo "2353"]
[Annotator "ChessBase"]
[PlyCount "75"]
[EventDate "2020.07.01"]
[EventType "swiss"]
[EventCountry "CZE"]
[SourceTitle "playchess.com"]
[Source "ChessBase"]
[SourceQuality "1"]
[TimeControl "40/5400+30:1800+30"]

1. b3 d5 2. Bb2 Nf6 3. e3 Bf5 4. Nf3 h6 5. d4 e6 6. Nbd2 c6 7. Be2 Bd6 8. O-O O-O 9. c4 Re8 10. Qc1 Nbd7 11. Rd1 e5 12. dxe5 Nxe5 13. Nxe5 Bxe5 14. Nf3 Bxb2 15. Qxb2 Qe7 16. cxd5 Nxd5 17. Bc4 Nf6 18. Re1 Rad8 19. Nd4 Be4 20. Rad1 Bd5 21. Qc1 Qe4 22. f3 Qh4 23. Bxd5 Rxd5 24. e4 Rh5 25. h3 Rg5 26. Kh1 Nh5 27. Nf5 Ng3+ 28. Nxg3 Qxg3 29. Re2 Re6 30. Qc2 Reg6 31. Qd2 Rh5 32. Qe3 Rh4 33. Qf2 Rxh3+ 34. gxh3 Qxh3+ 35. Qh2 Qxf3+ 36. Rg2 Qxd1+ 37. Rg1 Rxg1+ 38. Qxg1 0-1

[Event "FIDE Open Sachove Univerzity QCC"]
[Site "Ceske Budejovice"]
[Date "2020.07.03"]
[Round "3.11"]
[White "Petkov, Andon"]
[Black "Strapec, Lukas"]
[Result "1-0"]
[ECO "C55"]
[WhiteElo "1776"]
[BlackElo "1525"]
[Annotator "NA"]
[PlyCount "32"]
[EventDate "2020.07.01"]
[EventType "swiss"]
[EventCountry "CZE"]
[SourceTitle "playchess.com"]
[Source "ChessBase"]
[SourceQuality "1"]
[TimeControl "40/5400+30:1800+30"]

1. Nc3 Nf6 2. e4 e5 3. Nf3 c6 4. d4 exd4 5. Qxd4 d5 6. exd5 Nxd5 7. Bc4 Nxc3 8. Bxf7+ Kxf7 9. Qxd8 Nxa2 10. Ng5+ Kg6 11. Qe8+ Kf6 12. Qf7+ Ke5 13. Bf4+ Kd4 14. Rd1+ Kc5 15. Qxa2 b5 16. Be3+ Kb4 1-0

[Event "FIDE Open Sachove Univerzity QCC"]
[Site "Ceske Budejovice"]
[Date "2020.07.03"]
[Round "3.12"]
[White "Dobsinsky, Petr"]
[Black "Huemer, Gerald"]
[Result "0-1"]
[ECO "E00"]
[WhiteElo "1248"]
[BlackElo "1721"]
[Annotator "NA"]
[PlyCount "62"]
[EventDate "2020.07.01"]
[EventType "swiss"]
[EventCountry "CZE"]
[SourceTitle "playchess.com"]
[Source "ChessBase"]
[SourceQuality "1"]
[TimeControl "40/5400+30:1800+30"]

1. d4 Nf6 2. c4 e6 3. Nc3 Be7 4. Bg5 d6 5. e3 Nbd7 6. Bd3 b6 7. Qf3 Rb8 8. Nge2 Bb7 9. Qg3 Nh5 10. Bxe7 Nxg3 11. Bxd8 Nxh1 12. Bxc7 Rc8 13. Bxd6 Bxg2 14. b3 Nf6 15. Be5 Ng4 16. Nb5 O-O 17. Nd6 Nhxf2 18. Kd2 Nxe5 19. dxe5 Rcd8 20. Rg1 Nxd3 21. Kxd3 Bf3 22. Nd4 Bh5 23. N6b5 f6 24. Kc3 Bg6 25. Nd6 fxe5 26. Nxe6 Rxd6 27. Nxf8 Kxf8 28. Rg5 Rd3+ 29. Kb2 Rxe3 30. Rg1 Re2+ 31. Kc1 Rxa2 0-1

[Event "FIDE Open Sachove Univerzity QCC"]
[Site "Ceske Budejovice"]
[Date "2020.07.03"]
[Round "3.13"]
[White "Pesek, Petr"]
[Black "Zezula, Matej"]
[Result "0-1"]
[ECO "B30"]
[WhiteElo "1927"]
[BlackElo "1125"]
[Annotator "ChessBase"]
[PlyCount "50"]
[EventDate "2020.07.01"]
[EventType "swiss"]
[EventCountry "CZE"]
[SourceTitle "playchess.com"]
[Source "ChessBase"]
[SourceQuality "1"]
[TimeControl "40/5400+30:1800+30"]

1. e4 c5 2. Nf3 Nc6 3. Bc4 g6 4. c3 Bg7 5. d4 cxd4 6. cxd4 d6 7. d5 Ne5 8. Qd4 Nxf3+ 9. gxf3 Bxd4 10. Nd2 e5 11. Nb3 Bb6 12. Bd2 Nf6 13. Bg5 O-O 14. a3 Kg7 15. Rc1 Ba5+ 16. Kf1 Bh3+ 17. Kg1 Bb6 18. Bb5 Bxf2+ 19. Kxf2 Qb6+ 20. Ke2 Qxb5+ 21. Kd1 Qxb3+ 22. Rc2 Bg2 23. Rg1 Bxf3+ 24. Kd2 Nxe4+ 25. Ke1 Qxc2 0-1

[Event "FIDE Open Sachove Univerzity QCC"]
[Site "Ceske Budejovice"]
[Date "2020.07.03"]
[Round "3.13"]
[White "Molnar, Ladislav"]
[Black "Karweit, Alex W"]
[Result "1-0"]
[ECO "C50"]
[WhiteElo "1712"]
[BlackElo "1579"]
[Annotator "NA"]
[PlyCount "44"]
[EventDate "2020.07.01"]
[EventType "swiss"]
[EventCountry "CZE"]
[SourceTitle "playchess.com"]
[Source "ChessBase"]
[SourceQuality "1"]
[TimeControl "40/5400+30:1800+30"]

1. e4 e5 2. Bc4 Bc5 3. Nf3 Nc6 4. d3 h6 5. O-O Nf6 6. Nc3 a6 7. a3 b5 8. Ba2 Qe7 9. Nd5 Qd6 10. Nh4 Nxd5 11. Bxd5 Qf6 12. Nf5 Bb7 13. Be3 Bxe3 14. fxe3 O-O 15. Qg4 Qg5 16. Qh3 Nd8 17. Bxb7 Nxb7 18. Rf3 Kh7 19. Rg3 Qf6 20. Rxg7+ Kh8 21. Rg4 h5 22. Qxh5+ Qh6 1-0